Map: Ultralove

Players

아틔시 - Winner!

  • Race: Protoss Protoss
  • Spawn Location: 7:00

ssdia

  • Race: Zerg Zerg
  • Spawn Location: 1:00

VOD

Have the link to the VOD?

Description

dd

Time

  • Played on: July 22, 2025, 4:56 p.m.
  • Length: 19:42
Show
View Real Time Build Order
Export as new Build Order

아틔시 Protoss - Winner!

Build Orders: 1 Gate Expand, Oracle Opening 

Get SALT Encoding   

  12  0:00  Probe  
  13  0:12  Probe  
  14  0:19  Pylon  
  14  0:24  Probe  
  15  0:35  Probe  
  15  0:40  Gateway  
  16  0:43  Probe  
  16  0:48  Assimilator  
  17  0:52  Probe  
  18  1:04  Probe  
  19  1:16  Probe  
  20  1:24  Nexus  
  20  1:35  Cybernetics Core  
  20  1:39  Probe  
  21  1:50  Assimilator  
  21  1:51  Probe  
  22  2:02  Pylon  
  22  2:04  Probe  
  23  2:10  Adept  
  23  2:20  Probe  
  26  2:23  Stargate  
  26  2:27  Warp Gate  
  26  2:32  Probe  
  26  2:35  Probe  
  28  2:40  Probe, Adept  
  28  2:43  Probe  
  30  2:48  Probe  
  32  2:51  Probe  
  34  2:59  Probe  
  34  3:01  Pylon  
  34  3:03  Probe  
  36  3:09  Oracle  
  39  3:14  Probe  
  39  3:15  Probe  
  39  3:18  Gateway  
  41  3:26  Probe  
  42  3:27  Probe  
  42  3:28  Adept  
  42  3:29  Pylon  
  45  3:38  Probe  
  45  3:39  Probe  
  47  3:46  Oracle  
  50  3:51  Shield Battery  
  52  3:58  Nexus  
  52  4:01  Pylon  
  52  4:02  Probe x2  
  52  4:07  Assimilator  
  52  4:09  Assimilator  
  52  4:14  Probe x2  
  54  4:26  Probe  
  54  4:27  Probe, Adept x2  
  60  4:31  Twilight Council  
  60  4:33  Forge  
  60  4:35  Oracle  
  63  4:42  Probe x2  
  65  4:48  Adept x2  
  65  4:50  Blink  
  65  4:52  Pylon  
  69  4:54  Probe  
  69  4:55  Pylon  
  69  4:57  Protoss Ground Weapons Level 1  
  70  5:01  Pylon  
  70  5:11  Probe x3  
  73  5:14  Adept x2  
  73  5:19  Probe x3  
  77  5:27  Probe x3  
  77  5:28  Gateway  
  80  5:33  Gateway  
  83  5:49  Probe x3  
  70  6:02  Stalker x2  
  74  6:06  Gateway x2  
  74  6:07  Pylon  
  74  6:09  Probe x3  
  74  6:10  Pylon  
  77  6:12  Photon Cannon  
  77  6:14  Pylon  
  77  6:19  Templar Archives  
  77  6:20  Pylon  
  77  6:23  Stalker  
  79  6:25  Assimilator  
  79  6:26  Stalker  
  79  6:29  Probe  
  79  6:30  Probe x2  
  79  6:31  Assimilator  
  79  6:32  Stalker x2  
  88  6:38  Pylon  
  88  6:42  Probe x3  
  91  6:47  Pylon  
  91  6:49  Stalker  
  91  6:50  Stalker  
  95  6:54  Charge  
  95  6:55  Psionic Storm  
  95  6:58  Stalker x2  
  95  7:00  Stalker x2  
  103  7:05  Protoss Ground Weapons Level 2  
  103  7:12  Stalker x2  
  103  7:14  Nexus  
  107  7:16  Probe x3  
  110  7:29  Gateway  
  110  7:30  High Templar  
  110  7:31  High Templar, Gateway  
  106  7:58  Stalker x2  
  106  7:59  Stalker x2  
  106  8:05  Pylon  
  104  8:12  Shield Battery  
  104  8:13  Stalker  
  104  8:14  Stalker  
  106  8:25  Gateway  
  106  8:26  Robotics Facility  
  106  8:27  Gateway  
  106  8:28  Pylon, Robotics Facility  
  106  8:30  Pylon  
  106  8:32  Stalker x6  
  118  8:42  Probe x3  
  118  8:44  Photon Cannon  
  118  8:46  Photon Cannon  
  118  8:47  Assimilator  
  121  8:49  Photon Cannon  
  121  8:50  High Templar x2, Assimilator  
  121  8:51  Photon Cannon  
  125  8:59  Zealot x6  
  137  9:23  Zealot x8  
  137  9:24  Zealot x2  
  151  9:35  Probe  
  151  9:36  Probe x3, Stargate  
  151  9:38  Fleet Beacon  
  153  9:47  Zealot x4  
  153  9:48  Zealot x4  
  157  10:02  Archon  
  157  10:05  Zealot x2  
  157  10:06  Archon  
  145  10:19  Protoss Shields Level 1  
  145  10:23  Pylon, Forge, Protoss Air Weapons Level 1  
  145  10:29  High Templar x2  
  145  10:30  High Templar x2  
  145  10:31  High Templar x2  
  145  10:32  Zealot x4  
  151  10:44  Gateway  
  151  10:45  Gateway  
  151  10:46  Stargate  
  151  10:47  Pylon  
  150  10:50  Probe x4  
  150  10:51  Photon Cannon  
  150  10:53  Photon Cannon  
  150  10:54  Pylon  
  149  11:00  Nexus  
  145  11:06  Immortal x2  
  137  11:11  Tempest x2  
  153  11:19  Pylon  
  153  11:20  Photon Cannon  
  153  11:21  Shield Battery  
  153  11:23  Photon Cannon x2  
  153  11:25  Photon Cannon  
  153  11:26  High Templar x2  
  153  11:29  Photon Cannon  
  153  11:30  Pylon  
  157  11:33  Pylon  
  145  11:48  Pylon  
  145  11:53  Pylon  
  140  11:58  Tempest x3  
  140  12:00  Stalker x4  
  158  12:01  Zealot x5  
  158  12:02  Zealot  
  165  12:11  High Templar x2  
  162  12:31  Photon Cannon  
  162  12:34  Photon Cannon, Adept  
  162  12:35  Shield Battery, Photon Cannon  
  162  12:39  Zealot x3  
  162  12:42  Tempest x3  
  172  12:51  Observer x2  
  150  12:59  Protoss Shields Level 2, Protoss Ground Armor Level 1  
  150  13:09  Mothership  
  158  13:14  Pylon, Nexus  
  158  13:15  Cybernetics Core  
  158  13:29  Observer  
  158  13:30  Protoss Air Weapons Level 2  
  157  13:37  High Templar  
  157  13:38  High Templar x5  
  163  13:42  Nexus  
  163  13:43  Archon x3  
  163  13:46  Pylon  
  163  13:48  Pylon  
  163  13:55  Immortal x2  
  162  14:05  Nexus  
  170  14:10  Zealot x6  
  170  14:11  Zealot x3  
  170  14:12  Zealot  
  190  14:40  High Templar x2  
  194  14:49  Protoss Air Armor Level 1  
  194  14:52  Dark Shrine  
  194  15:02  Photon Cannon  
  194  15:03  Photon Cannon  
  194  15:05  Photon Cannon, Protoss Ground Armor Level 2  
  192  15:08  Photon Cannon  
  192  15:09  Photon Cannon  
  192  15:11  Shield Battery  
  192  15:14  Shield Battery  
  192  15:22  Assimilator  
  192  15:24  Assimilator  
  192  15:26  Shield Battery  
  192  15:29  Photon Cannon  
  192  15:30  Photon Cannon  
  184  16:00  High Templar x6  
  184  16:04  High Templar x2, Archon x2  
  200  16:05  Archon  
  200  16:07  Archon  
  182  17:00  Unknown  
  182  17:04  Archon  
  182  17:06  Nexus  
  182  17:07  Photon Cannon  
  182  17:08  Pylon  
  182  17:09  Pylon, Photon Cannon  
  182  17:11  Photon Cannon  
  182  17:13  Photon Cannon  
  178  17:16  Photon Cannon  
  178  17:17  Photon Cannon  
  178  17:24  Photon Cannon  
  178  17:27  Pylon, Assimilator  
  178  17:28  Assimilator, Shadow Stride  
  178  17:54  Dark Templar  
  166  18:08  Tempest x3, Archon  
  156  18:14  Observer  
  128  18:20  Dark Templar x6  
  128  18:21  Dark Templar x4  
  128  18:25  Stargate, Archon x5  
  128  18:26  Stargate  
  144  18:27  Stargate  
  135  18:44  Tempest x3  
  135  18:52  Stalker x2  
  135  18:53  Stalker x10  
  148  19:29  Stalker x11  
  148  19:30  Stalker  
Show
View Real Time Build Order
Export as new Build Order

ssdia Zerg 

Build Orders: Hatch First, Lurkers 

Get SALT Encoding   

  12  0:01  Drone  
  13  0:13  Overlord  
  13  0:16  Drone  
  14  0:31  Drone x2  
  16  0:47  Hatchery  
  15  0:51  Drone  
  15  0:55  Drone  
  17  0:59  Drone  
  18  1:09  Extractor  
  17  1:14  Spawning Pool  
  16  1:18  Drone  
  16  1:24  Drone  
  18  1:31  Drone  
  19  1:47  Drone  
  19  1:52  Overlord  
  20  2:02  Zergling x4  
  20  2:03  Queen x2  
  26  2:15  Overlord  
  26  2:16  Drone  
  26  2:20  Metabolic Boost  
  27  2:35  Hatchery  
  26  2:38  Drone  
  26  2:44  Drone x2  
  28  2:45  Drone  
  30  2:53  Drone x2  
  30  2:54  Drone  
  33  3:02  Drone  
  34  3:19  Drone x4  
  38  3:20  Drone  
  38  3:21  Queen  
  38  3:22  Queen  
  38  3:26  Overlord  
  43  3:40  Drone  
  44  3:43  Spore Crawler  
  43  3:49  Queen  
  43  3:50  Drone  
  43  3:53  Zergling x10, Spore Crawler  
  50  4:02  Drone x2  
  52  4:07  Overlord  
  52  4:12  Drone x2  
  53  4:31  Drone x2  
  53  4:32  Drone x7  
  53  4:33  Spore Crawler  
  61  4:38  Lair  
  61  4:39  Drone  
  61  4:40  Drone  
  63  4:50  Drone x2  
  63  4:52  Overlord x3  
  65  4:53  Extractor x2  
  63  5:04  Drone  
  63  5:05  Drone x3, Evolution Chamber  
  66  5:13  Drone x3  
  69  5:16  Zergling x12  
  69  5:18  Zergling x8  
  69  5:19  Drone  
  80  5:29  Overlord  
  80  5:36  Hatchery  
  80  5:40  Zerg Melee Weapons Level 1  
  63  6:00  Queen x3  
  67  6:05  Drone x3  
  67  6:06  Drone  
  67  6:10  Drone  
  72  6:13  Overlord x4  
  72  6:14  Zergling x18  
  72  6:15  Hydralisk Den  
  72  6:16  Overseer  
  80  6:33  Drone  
  80  6:34  Drone x2  
  80  6:35  Extractor  
  80  6:36  Drone x3  
  80  6:37  Extractor x2  
  83  6:44  Drone x3  
  83  6:45  Drone x3  
  89  6:52  Drone  
  89  6:53  Drone  
  91  6:57  Drone x5  
  91  6:58  Hydralisk x4  
  91  7:00  Grooved Spines  
  104  7:06  Overlord  
  104  7:07  Overlord  
  104  7:10  Hydralisk x4  
  104  7:13  Drone  
  104  7:14  Infestation Pit, Drone  
  113  7:16  Spore Crawler  
  112  7:23  Zergling x6  
  112  7:28  Drone  
  116  7:30  Evolution Chamber  
  116  7:31  Zergling x10  
  116  7:32  Zergling x8  
  113  7:50  Muscular Augments  
  101  7:55  Hydralisk x12  
  101  7:56  Hydralisk x2  
  122  8:01  Hive  
  122  8:04  Lurker Den  
  120  8:06  Overlord x2  
  115  8:14  Zergling x14  
  119  8:21  Zerg Melee Weapons Level 2  
  119  8:23  Zerg Ground Armor Level 1  
  119  8:25  Drone  
  119  8:26  Drone x9  
  129  8:35  Hatchery  
  129  8:37  Drone  
  129  8:38  Hydralisk x2  
  129  8:39  Zergling x2  
  134  8:45  Zergling x2  
  135  8:48  Extractor  
  135  8:53  Extractor  
  129  8:57  Zergling x6  
  129  8:58  Zergling x24  
  140  9:19  Zergling x10  
  140  9:20  Zergling x20  
  140  9:22  Overlord x2  
  152  9:25  Pneumatized Carapace  
  152  9:26  Hydralisk x14  
  150  9:32  Queen  
  152  9:45  Overlord x2, Lurker  
  151  9:46  Lurker x12  
  151  9:47  Lurker  
  149  9:55  Zergling x10  
  149  9:56  Zergling x30  
  128  10:17  Lurker x13  
  128  10:18  Zergling x2  
  128  10:19  Zergling x34  
  128  10:20  Adrenal Glands  
  139  10:32  Zergling x2  
  139  10:33  Queen, Zergling x14  
  147  10:39  Zerg Melee Weapons Level 3, Zerg Ground Armor Level 2  
  141  10:43  Drone x4  
  141  10:49  Seismic Spines  
  125  11:17  Drone  
  125  11:18  Drone x4  
  130  11:19  Spore Crawler  
  130  11:22  Drone  
  125  11:40  Zergling x2  
  125  11:41  Zergling x32  
  125  11:44  Hatchery  
  125  11:46  Adaptive Talons  
  138  12:00  Drone x10  
  148  12:02  Extractor  
  148  12:04  Extractor  
  148  12:08  Spine Crawler x2  
  142  12:16  Zergling x24  
  144  12:36  Zergling x2  
  127  12:37  Zergling x16  
  124  12:46  Spire, Drone  
  120  12:52  Drone x3  
  120  12:53  Drone x3  
  120  12:54  Drone x3  
  120  12:55  Drone  
  130  12:58  Spine Crawler  
  130  12:59  Drone x2  
  131  13:06  Zerg Ground Armor Level 3  
  131  13:16  Zerg Missile Weapons Level 1  
  125  13:35  Drone x10  
  125  13:36  Drone x11  
  144  13:43  Drone x2  
  144  13:45  Spine Crawler  
  144  13:47  Drone x5, Spine Crawler  
  144  13:48  Drone x2  
  147  13:58  Zerg Flyer Weapons Level 1  
  147  14:04  Spore Crawler  
  147  14:08  Spine Crawler x3  
  147  14:09  Spine Crawler  
  142  14:10  Spine Crawler  
  142  14:17  Zergling x26  
  155  14:24  Drone  
  155  14:29  Overlord x4  
  149  14:35  Hatchery, Corruptor x7  
  149  14:36  Corruptor x5  
  166  15:20  Spire  
  165  15:31  Corruptor  
  165  15:32  Corruptor x11  
  164  16:05  Spine Crawler  
  164  16:11  Greater Spire  
  162  16:14  Zergling x34  
  162  16:15  Zergling x8  
  181  16:19  Spore Crawler  
  181  16:21  Zerg Missile Weapons Level 2  
  181  16:23  Hatchery  
  123  17:29  Brood Lord x13  
  155  17:30  Corruptor x17, Brood Lord x3  
  155  17:31  Corruptor x2  
  189  17:39  Corruptor x3  
  189  17:43  Infestor  
  195  17:45  Infestor  
  195  17:48  Infestor  
  177  17:52  Infestor  
  157  18:17  Corruptor x4  
  163  18:23  Brood Lord  
  165  18:46  Hatchery  
  164  18:50  Corruptor  
  166  19:04  Corruptor  
  166  19:05  Corruptor  
Tags
 
Add a new tag
Caveats
  • Supply blocks, unpowered buildings, or Contaminate may cause inaccurate times.
  • Supply counts are checked every 10 seconds.